 Dungeon Crawl Stone Soup version 0.29.0-13-gc9e81de378 (webtiles) character file.

Game seed: 13535074163467306722

220 smilodon the Trooper (level 5, -1/39 (42) HPs)
             Began as a Demonspawn Fighter on Sept 9, 2022.
             Was a Follower of Uskayaw.
             Slain by a kobold brigand
             ... wielding a +3 dagger of draining
              (4 damage)
             ... on level 3 of the Dungeon.
             The game lasted 00:05:41 (3148 turns).

smilodon the Trooper (Demonspawn Fighter)           Turns: 3148, Time: 00:05:44

HP:   -1/39 (42)    AC:  9    Str: 19    XL:     5   Next: 64%
MP:   5/5           EV:  9    Int:  9    God:    Uskayaw [*.....]
Gold: 143           SH:  5    Dex: 12    Spells: 4/4 levels left

rFire   . . .      SeeInvis .   e - +2 morningstar (distort)
rCold   . . .      Faith    .   c - +1 buckler
rNeg    + . .      Spirit   .   b - +0 scale mail
rPois   .          Reflect  .   j - +0 helmet
rElec   .          Harm     .   k - scarf {+Inv}
rCorr   .          Rampage  .   (no gloves)
Will    .....                   r - +0 pair of boots
Stlth   ..........              (no amulet)
HPRegen 0.13/turn               p - ring of positive energy
MPRegen 0.09/turn               (no ring)

@: mighty, lethally poisoned (-1 -> -7), slowed, drained, very slow
A: demonic guardian 1, spiny 1
a: Renounce Religion, Evoke Invisibility, Stomp


You were on level 3 of the Dungeon.
You worshipped Uskayaw.
Uskayaw was noncommittal.
You visited 1 branch of the dungeon, and saw 4 of its levels.

You collected 143 gold pieces.

Inventory:

Hand Weapons
 a - a +0 flail
 e - a +2 morningstar of distortion (weapon)
 l - a +0 short sword of speed
Missiles
 h - a throwing net (quivered)
Armour
 b - a +0 scale mail (worn)
 c - a +1 buckler (worn)
 j - a +0 helmet (worn)
 k - a scarf of invisibility (worn)
 r - a +0 pair of boots (worn)
Jewellery
 p - a ring of positive energy (left hand)
Scrolls
 f - a scroll of enchant armour
 g - 5 scrolls of teleportation
 s - a scroll of identify {unknown}
Potions
 d - a potion of might
 i - 2 potions of degeneration {unknown}
 m - a potion of lignification {unknown}
 n - 4 potions of curing {unknown}
 o - a potion of ambrosia {unknown}
 q - a potion of cancellation {unknown}


   Skills:
 + Level 4.0 Fighting
 + Level 3.0 Maces & Flails
 + Level 3.7 Armour
 + Level 3.7 Shields


You had 4 spell levels left.
You didn't know any spells.
Your spell library contained the following spells:

 Spells                   Type           Power      Damage    Failure   Level
 Sublimation of Blood     Necr           0%         N/A       93%         2
 Portal Projectile        Hex/Tloc       0%         N/A       99%         3
 Tukima's Dance           Hex            0%         N/A       99%         3
 Petrify                  Tmut/Erth      0%         N/A       100%        4
 Blade Hands              Tmut           0%         N/A       100%        5
 Irradiate                Conj/Tmut      0%         3d11      100%        5


Dungeon Overview and Level Annotations

Branches:
Dungeon (4/15)
 Temple: D:4-7

Altars:
Ru
Uskayaw
Vehumet
Wu Jian

Shops:
D:1 ?!*


Innate Abilities, Weirdness & Mutations

A weak demonic guardian rushes to your aid.
You are partially covered in sharp spines.


Message History

The curare-tipped dart hits you.
You are poisoned.
You have difficulty breathing.
You feel yourself slow down.
You feel very sick.
The kobold brigand throws a curare-tipped dart.
The curare-tipped dart closely misses you.
You feel very sick.
You closely miss the kobold brigand.
You feel very sick.
The kobold brigand is struck by your spines.
The kobold brigand hits you with a +3 dagger of draining.
You partially resist.
You feel drained.
The kobold brigand hits you with a +3 dagger of draining.
You partially resist.
You feel drained.
You are too injured to fight recklessly!
You are too injured to fight recklessly!
You are too injured to fight recklessly!
You feel very mighty all of a sudden.
You feel sick.
The kobold brigand is struck by your spines.
The kobold brigand hits you with a +3 dagger of draining.
* * * LOW HITPOINT WARNING * * *
You partially resist.
You feel drained.
You hit the kobold brigand.
The kobold brigand is lightly wounded.
The kobold brigand blinks!
You feel sick.
The kobold brigand throws a curare-tipped dart.
The curare-tipped dart hits you.
You are lethally poisoned!
You have difficulty breathing.
* * * LOW HITPOINT WARNING * * *
A demonic guardian appears!
You feel as though you will be slow longer.
The kobold shouts!
You thump the kobold brigand!
Space warps around the kobold brigand.
The kobold brigand is severely wounded.
* * * LOW HITPOINT WARNING * * *
You feel very sick.
The kobold brigand hits you with a +3 dagger of draining.
You die...

#.##~~P~~~♣P #.
#.#PP~~♣~P.. #.#######
#.#.~PPP~~.# #.......#
#..P~PPPP... ##.......##
#.#.~P...[.) #.........##
#.#####....>
##....5....###.#####.....
#............K..........
#.....K@#...#######.....
#.......###.# #.....
#####.#####.# #..... ##
#.###.### ###### #~
#.##..# ##8 # #~##
#..#..###8.. # #~~##
##)#...##... .....## ##
#~~~# ###(....#_...
.....>#
#..##≈~~###.......##...
.....##


You could see a kobold brigand (ally target), a kobold and a friendly iron imp
(summoned).

Vanquished Creatures
  A kobold brigand (D:4)
  An orc wizard (D:4)
  A gnoll (D:2)
  5 adders
  A worm (D:2)
  A dart slug (D:3)
  2 orcs (D:4)
  4 ball pythons
  3 endoplasms
  2 giant cockroaches
  5 goblins (D:1)
  2 jackals (D:2)
  3 quokkas
  2 bats (D:1)
  A frilled lizard (D:1)
  9 kobolds
  6 rats
49 creatures vanquished.

Vanquished Creatures (collateral kills)
  An orc (D:4)
  An endoplasm (D:4)
2 creatures vanquished.

Vanquished Creatures (others)
  6 plants (D:3)
6 creatures vanquished.

Grand Total: 57 creatures vanquished

Notes
Turn   | Place    | Note
-------+----------+-------------------------------------------
     0 | D:1      | smilodon the Demonspawn Fighter began the quest for the
                  | Orb.
     0 | D:1      | Reached XP level 1. HP: 18/18 MP: 1/1
   152 | D:1      | Found Xafuzxes's General Store.
   190 | D:1      | Found Xyujuc's Magic Scroll Shoppe.
   280 | D:1      | Found a faded altar of an unknown god.
   284 | D:1      | Prayed at the altar of an unknown god.
   284 | D:1      | Became a worshipper of Uskayaw the Reveller
   284 | D:1      | Reached * piety under Uskayaw
   289 | D:1      | Reached ** piety under Uskayaw
   302 | D:1      | Found Xaggonk's Distillery.
   317 | D:1      | Gained mutation: A weak demonic guardian rushes to your
                  | aid. [demonic ancestry]
   317 | D:1      | Reached XP level 2. HP: 15/24 MP: 2/2
  1350 | D:1      | Identified a scroll of acquirement
  1350 | D:1      | Acquired a +2 morningstar of distortion
  1643 | D:2      | You fall into a shaft and drop 2 floors!
  1738 | D:4      | Reached XP level 3. HP: 27/29 MP: 3/3
  1739 | D:4      | Reached *** piety under Uskayaw
  1775 | D:4      | Noticed a kobold brigand
  1785 | D:4      | Reached **** piety under Uskayaw
  1789 | D:4      | Killed a kobold brigand
  1790 | D:4      | Reached XP level 4. HP: 11/37 MP: 0/4
  1827 | D:4      | Gained mutation: You are partially covered in sharp spines.
                  | [demonic ancestry]
  1827 | D:4      | Reached XP level 5. HP: 18/42 MP: 3/5
  2171 | D:3      | Found a sacrificial altar of Ru.
  2178 | D:3      | Found a radiant altar of Vehumet.
  2364 | D:2      | Reached skill level 4 in Fighting
  3098 | D:3      | Found an ornate altar of the Wu Jian Council.
  3148 | D:3      | Slain by a kobold brigand

Illustrated notes

Levels and vault maps discovered:
D:1:      elethiomel_arrival_maze, layout_loops_ring, serial_co_window_serial,
          co_window_corner_a, co_window_cross_1, co_window_cross_1,
          co_window_corner_a, co_window_of_opportunity_a,
          co_window_of_opportunity_a, co_window_paths_a,
          co_window_of_opportunity_b, co_window_corner_b, co_window_broadway_a,
          co_window_of_opportunity_b, co_window_of_opportunity_b,
          co_window_corner_b, co_window_4corner_a, glass_columns_b,
          hellmonk_ecumenical_altar_heavens_door, serial_shops, shop, shop,
          nicolae_shop_trees, minmay_misc_feat_doors
D:2:      layout_basic, cheibrodos_gnoll_hut
D:3:      cheibrodos_thug_alley, layout_rooms, nicolae_overflow_hidden_temple,
          marbit_many_paths, mainiacjoe_overflow_tiny_flanked,
          serial_bayou_lagoon_a, minmay_misc_feat_iff, feat_on_display
D:4:      layout_basic

Skill      XL: |  1  2  3  4  5 |
---------------+----------------+-----
Maces & Flails | 2 3 |  3.0
Shields        | 3 |  3.7
Armour         | 3 |  3.7
Fighting       | 4 |  4.0

Action                   |  1- 3 |  4- 6 || total
-------------------------+-------+-------++-------
Melee: Flail             |    71 |       ||    71
       Morningstar       |    19 |    35 ||    54
Invok: Stomp             |     1 |       ||     1
  Use: Scroll            |     4 |       ||     4
       Potion            |       |     1 ||     1
 Stab: Paralysed         |     1 |       ||     1
Armor: Scale mail        |    45 |    16 ||    61
Dodge: Dodged            |    39 |    10 ||    49
Block: Buckler           |    21 |     6 ||    27
